Map: Stasis LE

Players

Yocto - Winner!

  • Race: Zerg Zerg
  • Spawn Location: 1:00

Robyzucca

  • Race: Terran Terran
  • League: Platinum
  • Spawn Location: 11:00

VOD

Have the link to the VOD?

Description

Time

  • Played on: Dec. 15, 2018, 11:01 a.m.
  • Length: 12:28
Show
View Real Time Build Order
Export as new Build Order

Yocto Zerg - Winner!

Build Orders: Hatch First 

Get SALT Encoding   

  12  0:01  Drone  
  13  0:18  Overlord  
  13  0:20  Drone  
  14  0:38  Drone x2  
  14  0:41  Drone  
  17  1:00  Hatchery  
  16  1:04  Drone  
  16  1:05  Drone  
  16  1:08  Extractor  
  17  1:27  Spawning Pool  
  17  1:28  Drone  
  17  1:31  Drone  
  18  1:36  Drone  
  19  1:45  Overlord  
  19  2:03  Drone  
  19  2:17  Zergling x2  
  19  2:18  Zergling x4  
  19  2:19  Queen  
  24  2:29  Queen  
  26  2:37  Metabolic Boost  
  26  2:58  Hatchery  
  25  3:10  Queen  
  27  3:20  Drone  
  27  3:21  Overlord, Drone  
  29  3:31  Queen  
  31  3:37  Drone x2  
  33  3:49  Drone x4  
  36  4:09  Overlord  
  36  4:21  Queen  
  38  4:25  Drone  
  38  4:26  Drone  
  40  4:31  Drone x3  
  40  4:32  Drone x6  
  40  4:36  Extractor  
  48  4:40  Baneling Nest  
  48  4:43  Zergling x6  
  48  4:44  Zergling x2  
  51  4:55  Extractor  
  50  5:03  Drone x6  
  56  5:18  Overlord x2  
  56  5:35  Queen, Drone  
  57  5:38  Drone x3  
  57  5:41  Drone  
  63  5:48  Zergling x10  
  63  5:49  Zergling x10  
  70  6:01  Zergling x8  
  70  6:12  Zergling x6  
  71  6:26  Overlord x4, Drone  
  71  6:27  Overlord  
  71  6:29  Lair  
  72  6:34  Evolution Chamber  
  72  6:35  Extractor, Drone x3  
  72  6:38  Drone  
  66  6:56  Drone x5  
  66  6:57  Drone x5  
  76  7:06  Drone x6  
  76  7:07  Drone  
  83  7:23  Extractor  
  82  7:30  Zergling x10  
  82  7:31  Zergling x8  
  91  7:41  Zerg Ground Armor Level 1  
  91  7:44  Centrifical Hooks  
  85  8:16  Extractor  
  84  8:25  Hatchery  
  83  8:28  Hatchery  
  83  8:30  Hydralisk Den  
  83  8:31  Spore Crawler, Overseer  
  80  8:35  Spore Crawler  
  80  8:36  Pneumatized Carapace  
  80  8:39  Spore Crawler  
  78  8:54  Extractor  
  77  8:57  Drone x3  
  77  9:00  Drone x3  
  83  9:10  Muscular Augments  
  83  9:11  Evolution Chamber  
  83  9:14  Zergling x20  
  83  9:15  Zergling x16  
  100  9:26  Evolution Chamber  
  99  9:43  Hydralisk x6  
  99  9:44  Hydralisk x4  
  117  9:50  Baneling x2  
  117  9:51  Baneling x8  
  117  10:01  Overlord x2  
  117  10:04  Overlord x3  
  117  10:05  Overlord  
  117  10:17  Overlord  
  117  10:18  Overlord x3  
  117  10:22  Queen x2  
  103  10:35  Zergling x2  
  103  10:36  Zergling x26  
  103  10:37  Zergling x2  
  112  10:43  Zergling x2  
  112  10:48  Zergling x8  
  116  10:57  Zergling x4  
  116  10:58  Zergling x2  
  116  11:01  Zergling x2  
  116  11:02  Zergling x2  
  116  11:03  Zergling x2  
  120  11:06  Queen  
  120  11:08  Zergling x4  
  124  11:18  Baneling  
  123  11:19  Baneling  
  123  11:20  Baneling x21  
  123  11:24  Zergling x16  
  123  11:25  Zergling x4  
  131  11:36  Zergling x4  
  128  11:41  Queen  
  119  11:50  Zergling x2  
  119  11:51  Zergling x20  
  116  12:00  Zergling x18  
  125  12:04  Baneling  
  125  12:05  Baneling x11  
Show
View Real Time Build Order
Export as new Build Order

Robyzucca Terran 

Build Orders: Reaper Expand 

Get SALT Encoding   

  12  0:01  SCV  
  13  0:13  SCV  
  14  0:18  Supply Depot  
  14  0:26  SCV  
  15  0:40  SCV  
  16  0:43  Barracks  
  16  0:45  Refinery  
  16  0:53  SCV  
  17  1:11  SCV  
  18  1:23  SCV  
  19  1:31  Reaper  
  20  1:36  Orbital Command  
  20  2:01  Command Center  
  20  2:12  Barracks Tech Lab  
  20  2:14  Factory  
  20  2:19  SCV  
  21  2:25  Barracks Reactor  
  21  2:31  SCV  
  21  2:36  Refinery  
  22  2:43  SCV  
  23  2:46  Supply Depot  
  23  3:08  SCV  
  23  3:16  Orbital Command  
  23  3:20  SCV  
  23  3:21  Hellion x2  
  23  3:26  Starport  
  28  3:35  SCV  
  29  3:42  Hellion  
  29  3:43  Hellion  
  33  3:49  SCV x2  
  35  3:56  Supply Depot  
  35  4:01  SCV x2  
  37  4:05  Marine  
  37  4:08  Hellion x2  
  42  4:13  SCV x2  
  42  4:16  Starport Tech Lab  
  44  4:22  Supply Depot  
  44  4:25  SCV x2  
  46  4:34  Hellion  
  46  4:35  Hellion  
  46  4:37  SCV x2  
  52  4:40  Engineering Bay  
  52  4:47  Liberator  
  52  4:48  Refinery  
  52  4:49  Refinery, SCV x2  
  54  5:01  SCV  
  54  5:03  Command Center  
  58  5:07  SCV  
  59  5:15  SCV  
  60  5:21  Supply Depot  
  60  5:44  Supply Depot  
  56  6:09  SCV x2  
  54  6:22  Hellion x2  
  58  6:27  Orbital Command  
  58  6:29  Factory  
  58  6:33  Armory, Factory  
  58  6:54  Hellion x2  
  56  6:59  Supply Depot  
  56  7:01  Orbital Command  
  53  7:09  Banshee  
  53  7:11  Cloaking Field  
  53  7:14  Factory Tech Lab  
  56  7:18  Factory Tech Lab  
  56  7:22  Hellion x2  
  60  7:25  Terran Vehicle And Ship Armor Level 1  
  60  7:28  SCV x2  
  60  7:29  Armory  
  62  7:31  SCV  
  62  7:36  Cyclone x2  
  69  7:40  SCV x2  
  69  7:43  Hellion x2  
  76  7:52  SCV  
  73  7:58  Orbital Command  
  73  8:02  Infernal Pre-Igniter  
  73  8:03  Mag-Field Accelerator  
  73  8:08  Cyclone x2  
  79  8:15  Hellion x2  
  83  8:20  Terran Vehicle Weapons Level 1  
  83  8:21  SCV x2  
  85  8:33  SCV x3  
  88  8:37  Hellion  
  88  8:40  Cyclone x2  
  96  8:54  Viking  
  98  9:03  Widow Mine  
  100  9:11  Factory  
  100  9:13  Factory  
  100  9:14  Factory  
  100  9:17  Supply Depot  
  100  9:18  Supply Depot  
  100  9:19  SCV, Supply Depot  
  100  9:21  Liberator  
  100  9:22  Refinery  
  100  9:24  Refinery  
  101  9:39  SCV x3, Hellion, Cyclone  
  101  9:40  Widow Mine, Hellion  
  116  9:51  SCV x3  
  119  10:00  Hellion  
  119  10:01  Widow Mine x2  
  125  10:22  Supply Depot  
  125  10:24  Supply Depot x2  
  125  10:34  SCV x3, Hellion x3  
  125  10:35  Cyclone x2  
  101  10:47  SCV x3  
  104  10:59  SCV x2, Hellion  
  104  11:00  Hellion  
  104  11:03  Factory Tech Lab  
  104  11:05  Factory Tech Lab, Factory Reactor  
  104  11:07  Cyclone x2  
  108  11:21  Widow Mine x2  
  112  11:39  Siege Tank, Cyclone  
  118  11:42  Hellion, Cyclone x2  
  110  11:51  Hellion x3  
Tags
 
League
Platinum
Matchup
TvZ
Replay Pack
Yocto
Spawn Locations
Close Positions
Add a new tag
Caveats
  • Supply blocks, unpowered buildings, or Contaminate may cause inaccurate times.
  • Supply counts are checked every 10 seconds.